 Dungeon Crawl Stone Soup version 0.26-a0-1020-ge47f559bc5 (webtiles) character file.

Game seed: 5165951332215548413

2445 Gargoyl the Skirmisher (level 9, -11/74 HPs)
             Began as a Gnoll Abyssal Knight on Dec 8, 2020.
             Was a Priest of Lugonu.
             Killed from afar by Dowan (17 damage)
             ... with a stone arrow
             ... on level 7 of the Dungeon.
             The game lasted 00:11:07 (7545 turns).

Gargoyl the Skirmisher (Gnoll Abyssal Knight)       Turns: 7545, Time: 00:11:08

Health: -11/74     AC: 13    Str: 17    XL:     9   Next: 49%
Magic:  24/24      EV:  9    Int: 14    God:    Lugonu [***...]
Gold:   269        SH:  5    Dex: 16    Spells: 16/16 levels left

rFire    . . .     SeeInvis .   c - +7 Singing Sword {vorpal, sonic wave}
rCold    . . .     Faith    .   p - +0 buckler
rNeg     . . .     Spirit   .   n - +0 chain mail
rPois    .         Reflect  .   h - +2 helmet
rElec    .         Harm     .   (no cloak)
rCorr    +         Rampage  .   (no gloves)
Will     .....                  (no boots)
Stlth    ..........             (no amulet)
HPRegen  0.22/turn              j - ring of magical power
MPRegen  0.19/turn              s - ring of resist corrosion

@: mighty, flying, lightly drained
A: distributed training, fangs 1, strong nose
a: Depart the Abyss, Bend Space, Banish, Renounce Religion


You were on level 7 of the Dungeon.
You worshipped Lugonu.
Lugonu was most pleased with you.
You visited 1 branch of the dungeon, and saw 7 of its levels.
You visited the Abyss 1 time.

You collected 434 gold pieces.
You spent 165 gold pieces at shops.

Inventory:

Hand Weapons
 a - a +5 hand axe
 c - the +7 Singing Sword (weapon) {vorpal, sonic wave}
   (You found it on level 4 of the Dungeon)

   It inflicts extra damage upon your enemies.
 l - a +3 hand axe of freezing
Armour
 h - a +2 helmet (worn)
 n - a +0 chain mail (worn)
 p - a +0 buckler (worn)
Jewellery
 j - a ring of magical power (left hand)
 s - a ring of resist corrosion (right hand)
Wands
 d - a wand of digging (4)
 i - a wand of acid (5)
 o - a wand of disintegration (16)
 r - a wand of iceblast (8)
Scrolls
 b - 6 scrolls of blinking
 e - 4 scrolls of identify
 g - 2 scrolls of remove curse
 q - 3 scrolls of enchant weapon
Potions
 m - a potion of haste


   Skills:
 + Level 7.9(7.7) Fighting
 + Level 4.3(4.1) Short Blades
 + Level 4.3(4.1) Long Blades
 + Level 6.3(6.1) Axes
 + Level 4.3(4.1) Maces & Flails
 + Level 4.3(4.1) Polearms
 + Level 4.3(4.1) Staves
 + Level 4.3(4.1) Slings
 + Level 4.3(4.1) Bows
 + Level 4.3(4.1) Crossbows
 + Level 4.3(4.1) Throwing
 + Level 6.3(6.1) Armour
 + Level 5.1(4.8) Dodging
 + Level 4.3(4.1) Stealth
 + Level 4.3(4.1) Shields
 + Level 4.3(4.1) Unarmed Combat
 + Level 4.3(4.1) Spellcasting
 + Level 3.5(3.3) Conjurations
 + Level 3.5(3.3) Hexes
 + Level 3.5(3.3) Summonings
 + Level 3.5(3.3) Necromancy
 + Level 3.5(3.3) Translocations
 + Level 3.5(3.3) Transmutations
 + Level 3.5(3.3) Fire Magic
 + Level 3.5(3.3) Ice Magic
 + Level 3.5(3.3) Air Magic
 + Level 3.5(3.3) Earth Magic
 + Level 3.5(3.3) Poison Magic
 + Level 6.7(6.4) Invocations
 + Level 4.3(4.1) Evocations


You had 16 spell levels left.
You didn't know any spells.
Your spell library was empty.

Dungeon Overview and Level Annotations

Branches:
Dungeon (7/15)             Temple (0/1) D:4

Altars:
Dithmenos
Fedhas
Gozag
Hepliaklqana
Wu Jian
Zin
The Shining One

Shops:
D:4 ?

Annotations:
D:7 Dowan


Innate Abilities, Weirdness & Mutations

Your experience applies equally to all skills.
You have very sharp teeth.
Your uncanny sense of smell can sniff out nearby items.


Message History

Duvessa is severely wounded.
Maggie says, "Leave now, and tell all of Margery's mercy!"
Maggie zaps a wand.
You easily resist.
The adder barely misses you. Duvessa hits you but does no damage.
You slice Maggie!!
You are no longer entranced.
You kill Maggie!
Lugonu accepts your kill. Duvessa barely misses you.
You riposte.
You slash Duvessa!
You kill Duvessa!
Lugonu accepts your kill.
Dowan screams, "No!
No!"
Dowan seems to find hidden reserves of power!
The adder misses you.
You riposte.
You slice the adder!!
You kill the adder!
Lugonu accepts your kill.
Dowan says, "How can I live without her?"
Dowan casts a spell at you. The stone arrow hits you!
You die...

#.# ..≈≈≈.^ #.# .......
..# ..... ..## #...# ##
#..# #...# ...
#..####...###### ....
......##.##....# ....#
...............###.....#
##.##..........†@el....#
..............###s......
....(..######.# #.....#
.......# #.# .....#
.......# #.# ....#
.......# ... .....
.......# ... ....
######## ... ....


You could see Dowan (fast), a scorpion and an iguana.

Vanquished Creatures
  Pikel (D:4)
  Maggie (D:7)
  Grinder (D:4)
  Menkaure (D:5)
  Duvessa (D:7)
  A sky beast (D:5)
  3 ogres
  An orc warrior (D:6)
  2 bullfrogs (D:6)
  3 scorpions (D:4)
  3 wights (D:6)
  2 howler monkeys (D:7)
  A centaur zombie (D:6)
  3 hounds
  2 jellies (D:5)
  5 orc wizards
  An orc priest (D:4)
  An iguana (D:3)
  Ijyb (D:3)
  4 worker ants
  A hound skeleton (D:6)
  A howler monkey skeleton (D:7)
  12 adders
  A shadow imp (D:6)
  An ufetubus (D:5)
  An ooze (D:6)
  3 worms
  2 dart slugs
  3 leopard geckos (D:1)
  26 orcs
  A ball python (D:3)
  12 bats
  9 giant cockroaches
  5 goblins
  5 hobgoblins (D:1)
  8 jackals
  8 kobolds
  A quokka (D:7)
  7 frilled lizards
  A jackal skeleton (D:4)
  A quokka zombie (D:7)
  8 rats
155 creatures vanquished.

Vanquished Creatures (others)
  16 fungi
16 creatures vanquished.

Grand Total: 171 creatures vanquished

Notes
Turn   | Place    | Note
-------+----------+-------------------------------------------
     0 | Abyss:1  | Gargoyl the Gnoll Abyssal Knight began the quest for the
                  | Orb.
     0 | Abyss:1  | Reached XP level 1. HP: 23/23 MP: 3/3
    10 | Abyss:1  | Found a snail-covered altar of Cheibriados.
   101 | Abyss:2  | Noticed a chaos spawn
   102 | Abyss:2  | Noticed a flying skull
   133 | Abyss:3  | Found a corrupted altar of Lugonu.
   140 | Abyss:3  | Noticed a spatial vortex
   167 | Abyss:3  | Noticed a smoke demon
   181 | Abyss:3  | Noticed a large abomination
   186 | Abyss:3  | Noticed a small abomination
   200 | D:1      | Escaped the Abyss
   474 | D:1      | Reached XP level 2. HP: 29/29 MP: 5/5
   639 | D:1      | Reached * piety under Lugonu
   771 | D:1      | Reached XP level 3. HP: 35/35 MP: 6/6
  1163 | D:2      | Reached skill level 1 in Short Blades
  1163 | D:2      | Reached skill level 1 in Long Blades
  1163 | D:2      | Reached skill level 1 in Maces & Flails
  1163 | D:2      | Reached skill level 1 in Polearms
  1163 | D:2      | Reached skill level 1 in Staves
  1163 | D:2      | Reached skill level 1 in Slings
  1163 | D:2      | Reached skill level 1 in Bows
  1163 | D:2      | Reached skill level 1 in Crossbows
  1163 | D:2      | Reached skill level 1 in Throwing
  1163 | D:2      | Reached skill level 1 in Stealth
  1163 | D:2      | Reached skill level 1 in Shields
  1163 | D:2      | Reached skill level 1 in Unarmed Combat
  1163 | D:2      | Reached skill level 1 in Spellcasting
  1163 | D:2      | Reached skill level 1 in Evocations
  1322 | D:2      | Reached XP level 4. HP: 40/41 MP: 7/7
  1354 | D:2      | Found Zin's Purification Station.
  1358 | D:2      | Found a glowing silver altar of Zin.
  1362 | D:2      | Bought a potion of curing for 90 gold pieces
  1470 | D:2      | Found a glowing golden altar of the Shining One.
  1952 | D:2      | Found a blossoming altar of Fedhas.
  2165 | D:3      | Reached skill level 1 in Conjurations
  2165 | D:3      | Reached skill level 1 in Hexes
  2165 | D:3      | Reached skill level 1 in Summonings
  2165 | D:3      | Reached skill level 1 in Necromancy
  2165 | D:3      | Reached skill level 1 in Translocations
  2165 | D:3      | Reached skill level 1 in Transmutations
  2165 | D:3      | Reached skill level 1 in Fire Magic
  2165 | D:3      | Reached skill level 1 in Ice Magic
  2165 | D:3      | Reached skill level 1 in Air Magic
  2165 | D:3      | Reached skill level 1 in Earth Magic
  2165 | D:3      | Reached skill level 1 in Poison Magic
  2237 | D:3      | Found an opulent altar of Gozag.
  2348 | D:3      | Noticed Ijyb
  2357 | D:3      | Reached ** piety under Lugonu
  2358 | D:3      | Reached XP level 5. HP: 37/47 MP: 8/8
  2373 | D:3      | Killed Ijyb
  2557 | D:3      | Noticed an ogre
  2604 | D:3      | Killed an ogre
  2605 | D:3      | Reached skill level 5 in Invocations
  2605 | D:3      | Reached XP level 6. HP: 20/53 MP: 9/9
  2869 | D:3      | Reached skill level 5 in Axes
  2869 | D:3      | Reached skill level 5 in Armour
  3731 | D:4      | Noticed Grinder
  3750 | D:3      | Reached XP level 7. HP: 53/59 MP: 10/10
  3781 | D:4      | Paralysed by Grinder for 3 turns
  4006 | D:4      | Paralysed by Grinder for 3 turns
  4341 | D:4      | Paralysed by Grinder for 2 turns
  4344 | D:4      | Paralysed by Grinder for 7 turns
  4354 | D:4      | Killed Grinder
  4355 | D:4      | Reached skill level 7 in Fighting
  4792 | D:4      | Noticed Pikel
  4808 | D:4      | Reached *** piety under Lugonu
  4834 | D:4      | Killed Pikel
  4835 | D:4      | Reached XP level 8. HP: 36/67 MP: 12/12
  5308 | D:4      | Found the +7 Singing Sword {vorpal, sonic wave}
  5413 | D:5      | Entered Level 5 of the Dungeon
  5653 | D:4      | Found Tuzallongi's Magic Scroll Boutique.
  5661 | D:4      | Bought a scroll of enchant armour for 75 gold pieces
  5685 | D:4      | Found a staircase to the Ecumenical Temple.
  5959 | D:5      | Found a shadowy altar of Dithmenos.
  6081 | D:5      | Reached XP level 9. HP: 67/72 MP: 14/14
  6230 | D:5      | Noticed Menkaure
  6236 | D:5      | Killed Menkaure
  6459 | D:5      | Found a hazy altar of Hepliaklqana.
  6462 | D:5      | Found an ornate altar of the Wu Jian Council.
  7070 | D:6      | Reached skill level 5 in Dodging
  7522 | D:7      | Noticed Maggie
  7522 | D:7      | Noticed Dowan
  7522 | D:7      | Noticed Duvessa
  7536 | D:7      | Paralysed by Maggie for 7 turns
  7545 | D:7      | Killed Maggie
  7545 | D:7      | Killed Duvessa
  7545 | D:7      | Killed from afar by Dowan

Illustrated notes

Levels and vault maps discovered:
D:1:      zelgadis_glass_arrival_small, layout_basic
D:2:      layout_basic, nicolae_tso_carved_into_rock, fedhas_altar_3, zin_purify
D:3:      layout_loops_ring, marbit_many_paths, uniq_ijyb
D:4:      old_forge, layout_rooms, temple_green, serial_shops, shop,
          uniq_grinder, uniq_pikel
D:5:      layout_loops_ring, lemuel_doored_altar, grunt_temple_overflow_open,
          minivault_14, uniq_menkaure
D:6:      layout_basic
D:7:      layout_rooms, grunt_ministairs_8, chequers_serial_rivers_small_b,
          tgw_sif, uniq_maggie, uniq_duvessa

Skill      XL: |  1  2  3  4  5  6  7  8  9 |
---------------+----------------------------+-----
Short Blades   | 1 2 3 4 |  4.3
Long Blades    | 1 2 3 4 |  4.3
Maces & Flails | 1 2 3 4 |  4.3
Polearms       | 1 2 3 4 |  4.3
Staves         | 1 2 3 4 |  4.3
Slings         | 1 2 3 4 |  4.3
Bows           | 1 2 3 4 |  4.3
Crossbows      | 1 2 3 4 |  4.3
Throwing       | 1 2 3 4 |  4.3
Stealth        | 1 2 3 4 |  4.3
Shields        | 1 2 3 4 |  4.3
Unarmed Combat | 1 2 3 4 |  4.3
Spellcasting   | 1 2 3 4 |  4.3
Evocations     | 1 2 3 4 |  4.3
Conjurations   | 1 2 3 |  3.5
Hexes          | 1 2 3 |  3.5
Summonings     | 1 2 3 |  3.5
Necromancy     | 1 2 3 |  3.5
Translocations | 1 2 3 |  3.5
Transmutations | 1 2 3 |  3.5
Fire Magic     | 1 2 3 |  3.5
Ice Magic      | 1 2 3 |  3.5
Air Magic      | 1 2 3 |  3.5
Earth Magic    | 1 2 3 |  3.5
Poison Magic   | 1 2 3 |  3.5
Dodging        | 3 4 5 |  5.1
Invocations    | 5 6 |  6.7
Axes           | 5 6 |  6.3
Armour         | 5 6 |  6.3
Fighting       | 7 |  7.9

Action                   |  1- 3 |  4- 6 |  7- 9 || total
-------------------------+-------+-------+-------++-------
Melee: Hand axe          |   116 |   188 |   111 ||   415
       Bite              |     6 |    27 |    17 ||    50
       Punch             |       |     1 |     3 ||     4
       Double sword      |       |       |    64 ||    64
Invok: Depart the Abyss  |     1 |       |       ||     1
Evoke: Wand              |       |       |     8 ||     8
  Use: Scroll            |     6 |     3 |     8 ||    17
       Potion            |     1 |     6 |     6 ||    13
Armor: Ring mail         |    66 |    69 |    17 ||   152
       Chain mail        |       |       |    74 ||    74
Dodge: Dodged            |    88 |   118 |    93 ||   299
Block: Buckler           |       |       |    11 ||    11
       Rpst.: Double sword |       |       |    11 ||    11

Table legend: (Time is in decaauts)
 A = Elapsed time spent in this place.
 B = Non-inter-level travel time spent in this place.
 C = Inter-level travel time spent in this place.
 D = Time resting spent in this place.
 E = Time spent auto-exploring this place.
 F = Levels seen in this place.
 G = Mean time per level.
                   A        B        C        D        E       F      G
               +--------+--------+--------+--------+--------+-----+--------+
         Total |   7580 |   7436 |    144 |   1039 |   4982 |  10 |  758.0 |
       Dungeon |   7381 |   7237 |    144 |   1039 |   4882 |   7 | 1054.4 |
         Abyss |    199 |    199 |      0 |      0 |    100 |   3 |   66.3 |
               +--------+--------+--------+--------+--------+-----+--------+

Top non-repeatable levels by time:
     D:3: 2111 daAuts
     D:4: 1546 daAuts
     D:2: 1071 daAuts
     D:5: 1002 daAuts
     D:1: 895 daAuts
     D:6: 644 daAuts
     D:7: 109 daAuts
 Abyss:3: 88 daAuts
 Abyss:2: 69 daAuts
 Abyss:1: 41 daAuts
